 Dungeon Crawl Stone Soup version 0.30-a0-603-g51a0fb1b98 (webtiles) character file.

Game seed: 12283457982254976303

45551 Leeroy the Brawler (level 14, -6/138 HPs)
             Began as a Black Draconian Transmuter on Jan 7, 2023.
             Was a High Priest of Wu Jian.
             Mangled by a culicivora (26 damage)
             ... on level 2 of the Lair of Beasts.
             The game lasted 00:45:56 (21947 turns).

Leeroy the Brawler (Black Draconian Transmuter)    Turns: 21947, Time: 00:45:57

Health: -6/138     AC:  3    Str: 13    XL:     14   Next: 1%
Magic:  14/17      EV:  8    Int: 18    God:    Wu Jian [*****.]
Gold:   1162       SH:  0    Dex: 18    Spells: 3/17 levels left

rFire   x . .      SeeInvis .      - Unarmed
rCold   + + +      Faith    .    (shield currently unavailable)
rNeg    . . .      Spirit   .    (body armour unavailable)
rPois   +          Reflect  .    (helmet currently unavailable)
rElec   .          Harm     .    (cloak currently unavailable)
rCorr   .          Rampage  .    (gloves currently unavailable)
Will    +++..                    (boots currently unavailable)
Stlth   ++                       n - amulet of regeneration
HPRegen 1.23/turn                v - ring of willpower
MPRegen 0.15/turn                y - +6 ring of dexterity

@: ice-form, corroded, held
A: freezing attack, amphibious, boosted hp, (breathe lightning), AC +8, large,
unfitting armour, (big wings), (electricity resistance), (cold-blooded),
strong-willed 1
a: End Transformation, Renounce Religion, Wall Jump, Serpent's Lash, Heavenly
Storm


You were on level 2 of the Lair of Beasts.
You worshipped Wu Jian.
Wu Jian was extremely pleased with you.
You were a creature of crystalline ice.
You visited 7 branches of the dungeon, and saw 22 of its levels.

You collected 1162 gold pieces.

Inventory:

Hand Weapons
 j - the +0 war axe of Patterns {holy, Will+}
   (You found it on level 5 of the Lair of Beasts)

   Will:      It increases your willpower.
 M - a +6 rapier of electrocution
Missiles
 p - 60 poisoned darts
 C - 3 throwing nets
 X - 6 silver javelins
 Y - 7 curare-tipped darts
Armour
 T - a +2 pair of gloves (melded)
 U - a +2 pair of boots (melded)
 Z - a +2 hat (melded)
Jewellery
 h - an amulet of faith
 n - an amulet of regeneration (around neck)
 u - an amulet of reflection
 v - a ring of willpower (left front paw)
 w - a ring of willpower
 x - an amulet of magic regeneration
 y - a +6 ring of dexterity (right front paw)
 A - a ring of protection from fire
 L - a +6 ring of strength
 N - an amulet of guardian spirit
 Q - a ring of see invisible
 R - a +4 ring of protection
Wands
 a - a wand of light (19)
 g - a wand of iceblast (10)
 q - a wand of flame (81)
 D - a wand of paralysis (18)
 J - a wand of polymorph (15)
 P - a wand of digging (4)
Scrolls
 m - 12 scrolls of poison
 o - 3 scrolls of amnesia
 r - 3 scrolls of immolation
 t - a scroll of brand weapon {unknown}
 z - 5 scrolls of noise
 E - 2 scrolls of blinking {unknown}
 I - a scroll of torment {unknown}
 O - 7 scrolls of butterflies
 V - 4 scrolls of teleportation
 W - 2 scrolls of vulnerability {unknown}
Potions
 b - 10 potions of curing
 c - 7 potions of attraction
 d - 5 potions of lignification
 e - 4 potions of mutation
 f - 5 potions of haste
 i - 3 potions of brilliance
 l - 3 potions of berserk rage {unknown}
 s - 3 potions of cancellation {unknown}
 B - 2 potions of invisibility {unknown}
 F - 3 potions of ambrosia
 G - 5 potions of might
 H - 4 potions of degeneration
 K - a potion of resistance {unknown}
 S - a potion of flight {unknown}


   Skills:
 - Level 8.0 Fighting
 - Level 11.0 Dodging
 + Level 18.4 Unarmed Combat
 - Level 2.0 Spellcasting
 - Level 8.4 Transmutations
 - Level 0.3 Ice Magic
 - Level 4.1 Air Magic
 - Level 0.3 Poison Magic


You had 3 spell levels left.
You knew the following spells:

 Your Spells              Type           Power      Damage    Failure   Level
a - Beastly Appendage     Tmut           64%        N/A       1%          1
b - Spider Form           Tmut/Pois      17%        N/A       9%          3
c - Wereblood             Tmut           32%        N/A       1%          2
d - Ice Form              Ice/Tmut       17%        N/A       30%         4
e - Airstrike             Air            8%         2d(2-18)  32%         4

Your spell library contained the following spells:

 Spells                   Type           Power      Damage    Failure   Level
 Shock                    Conj/Air       36%        1d5       8%          1
 Swiftness                Air            16%        N/A       10%         3
 Summon Small Mammal      Summ           4%         N/A       19%         1
 Frozen Ramparts          Ice            6%         1d1       43%         3
 Hailstorm                Conj/Ice       2%         3d3       45%         3
 Call Canine Familiar     Summ           1%         N/A       47%         3
 Stone Arrow              Conj/Erth      2%         3d7       47%         3
 Summon Guardian Golem    Hex/Summ       1%         N/A       47%         3
 Tukima's Dance           Hex            1%         N/A       47%         3
 Yara's Violent Unravell  Hex/Tmut       8%         3d5       65%         5
 Summon Ice Beast         Ice/Summ       2%         N/A       86%         4
 Passage of Golubria      Tloc           1%         N/A       87%         4
 Simulacrum               Ice/Necr       1%         N/A       100%        6
 Lehudib's Crystal Spear  Conj/Erth      0%         10d2      100%        8
 Animate Armour           Summ/Erth      Unusable   N/A       N/A         4

Dungeon Overview and Level Annotations

Branches:
Dungeon (12/15)            Temple (1/1) D:4            Lair (5/5) D:9
  Swamp (1/4) Lair:2       Spider (1/4) Lair:2        Slime (1/5) Lair:5
    Orc (1/2) D:10

Altars:
Ashenzari
Cheibriados
Dithmenos
Elyvilon
Fedhas
Gozag
Hepliaklqana
Kikubaaqudgha
Makhleb
Okawaru
Qazlal
Ru
Sif Muna
Trog
Uskayaw
Vehumet
Wu Jian
Xom
Yredelemnul
Zin
The Shining One
Ignis

Annotations:
D:10 3 runed translucent doors, caveywoolpert's ghost, novice DgEE
D:11 Gastronok
Lair:5 1 runed translucent door


Innate Abilities, Weirdness & Mutations

You are a creature of crystalline ice.
You have a powerful freezing melee attack.
You are amphibious.
Your maximum health is increased.
Your armour is entirely melded.
You are incapable of wielding weapons or throwing items.
((You can breathe wild blasts of lightning.))
((Your glossy black scales are hard. (AC +8)))
You cannot fit into any form of body armour.
((Your large and strong wings let you fly.))
((You are resistant to electric shocks. (rElec)))
((You are cold-blooded and may be slowed by cold attacks.))
You are strong-willed. (Will+)


Message History

The jumping spider pounces on you but does no damage.
The jumping spider bites you. The tarantella touches you!
A redback comes into view.
The redback bites you!
The redback bites you but does no damage.
The wolf spider barely misses you. x2; The jumping spider barely misses you.
The jumping spider misses you. The redback bites you!
The redback completely misses you.
A jumping spider comes into view.
The entropy weaver casts a spell at you.
The entropic weave corrodes you!
There is a crawl-hole back to the Lair here.
The wolf spider barely misses you. The wolf spider bites you!
The redback bites you! The culicivora bites you!
The culicivora draws strength from your injuries!
The redback bites you!
You are poisoned.
The redback poisons you!
The jumping spider barely misses you. x2
The redback barely misses you. The redback misses you.
The wolf spider hits you! The wolf spider bites you!
* * * LOW HITPOINT WARNING * * *
The culicivora closely misses you.
The jumping spider completely misses you.
The jumping spider bites you.
* * * LOW HITPOINT WARNING * * *
The redback misses you. x2
You climb upwards.
Welcome back to the Lair of Beasts!
* * * LOW HITPOINT WARNING * * *
You feel extremely sick.
There is a hole to the Spider Nest here.
Okay, then.
You feel better. The redback bites you.
* * * LOW HITPOINT WARNING * * *
The redback barely misses you. The wolf spider closely misses you.
The wolf spider misses you. The jumping spider pounces on you!
* * * LOW HITPOINT WARNING * * *
You are caught in a web!
The jumping spider completely misses you.
The culicivora bites you!!
You die...

##.....##.#...##.................
.#......##.............#........#
#..........P#.#....##..#.......##
#.........#####....####........#
........### #P....P##...#....##
.......#.# ##.........##....P.
.......### ######.#...#.#.....
#.....## ##sss.#.....#.......
##.....# ###.sYs##..........#.#
#....P#####..^ss.##.........#.##
##........##^^.^.##<........#####
#...##...##^.^.^##...#.......##
...####.##^.^^.##...#........P###
..## #....^..####............###.
..# ##....###................##.
..# #...##.....................
.## #...#................##....


You could see a wolf spider, a culicivora, a jumping spider and 4 redbacks.

Vanquished Creatures
  An eleionoma (Swamp:1)
  Josephine (D:10)
  A catoblepas (Lair:1)
  3 hydras (Swamp:1)
  A two-headed ogre (D:9)
  8 alligators (Swamp:1)
  Urug (Lair:4)
  Sonja (Lair:3)
  A swamp dragon (Swamp:1)
  A bog body (Swamp:1)
  A lindwurm (Lair:5)
  A will-o-the-wisp (Swamp:1)
  A wolf spider (Lair:2)
  Maurice (D:11)
  7 black mambas
  7 cane toads
  5 torpor snails (Lair:5)
  2 rime drakes
  6 kobold demonologists
  Maggie (D:7)
  6 komodo dragons
  A tengu conjurer (D:11)
  A merfolk (D:9)
  2 polar bears
  2 trolls
  10 hornets
  6 tyrant leeches
  11 blink frogs
  Prince Ribbit (D:5)
  Grinder (D:3)
  9 dream sheep
  3 jumping spiders (Lair:2)
  3 slime creatures
  2 culicivoras (Lair:2)
  6 wraiths (D:10)
  20 yaks
  3 spriggans (Swamp:1)
  A wyvern (Lair:3)
  3 basilisks
  Eustachio (D:5)
  2 steam dragons
  2 redbacks (Lair:2)
  9 vampire mosquitoes
  Duvessa (D:5)
  12 water moccasins
  An ice beast (D:7)
  2 swamp drakes (Swamp:1)
  6 orc warriors
  A sky beast (D:7)
  10 wolves
  3 centaurs
  2 ogres
  6 kobold brigands
  Blork the orc (D:5)
  2 necrophages (D:6)
  8 bullfrogs
  A gnoll sergeant (D:9)
  7 scorpions
  5 wights (D:8)
  Dowan (D:5)
  5 howler monkeys
  5 hounds
  6 jellies
  2 orc priests
  Crazy Yiuf (D:5)
  2 iguanas
  8 orc wizards
  10 gnolls
  12 adders
  2 white imps (D:6)
  2 ufetubi
  2 dart slugs
  24 orcs
  2 ball pythons
  8 bats
  7 endoplasms
  2 giant cockroaches
  8 goblins
  3 hobgoblins
  4 jackals (D:5)
  15 kobolds
  2 quokkas
  6 frilled lizards
  2 rats (D:3)
365 creatures vanquished.

Vanquished Creatures (others)
  A foxfire (Swamp:1)
  19 fungi
  36 plants
56 creatures vanquished.

Grand Total: 421 creatures vanquished

Notes
Turn   | Place    | Note
-------+----------+-------------------------------------------
     0 | D:1      | Leeroy the Draconian Transmuter began the quest for the
                  | Orb.
     0 | D:1      | Reached XP level 1. HP: 16/16 MP: 3/3
   376 | D:1      | Reached XP level 2. HP: 2/23 MP: 5/5
   376 | D:1      | HP: 1/23 [goblin/+0 club (1)]
  1116 | D:2      | Reached skill level 4 in Unarmed Combat
  1116 | D:2      | Reached XP level 3. HP: 15/28 MP: 4/6
  1179 | D:2      | Found a hide-covered altar of Uskayaw.
  1214 | D:2      | Found a faded altar of an unknown god.
  1511 | D:3      | Noticed Grinder
  1558 | D:3      | Learned a level 3 spell: Spider Form
  1561 | D:3      | Learned a level 2 spell: Wereblood
  1622 | D:3      | Reached skill level 5 in Unarmed Combat
  1622 | D:3      | Reached XP level 4. HP: 35/35 MP: 7/7
  1681 | D:3      | Paralysed by Grinder for 5 turns
  2038 | D:4      | Found a staircase to the Ecumenical Temple.
  2056 | D:4      | Noticed a scorpion
  2067 | Temple   | Entered the Ecumenical Temple
  2091 | Temple   | Became a worshipper of the Wu Jian Council
  2131 | D:4      | Killed a scorpion
  2132 | D:4      | Reached skill level 6 in Unarmed Combat
  2132 | D:4      | Reached XP level 5. HP: 34/40 MP: 4/8
  2232 | D:4      | Noticed an ogre
  2242 | D:4      | Killed an ogre
  2243 | D:4      | Reached XP level 6. HP: 47/47 MP: 4/9
  2395 | D:4      | Reached skill level 7 in Unarmed Combat
  3421 | D:3      | Killed Grinder
  3422 | D:3      | Reached skill level 8 in Unarmed Combat
  3422 | D:3      | Your scales start taking on a glossy black colour.
  3422 | D:3      | Reached XP level 7. HP: 49/52 MP: 7/10
  3422 | D:3      | Gained mutation: You are resistant to electric shocks.
                  | (rElec) [Black Draconian growth]
  3472 | D:5      | Entered Level 5 of the Dungeon
  3490 | D:5      | Noticed Prince Ribbit
  3859 | D:5      | Noticed Blork the orc
  3868 | D:5      | Killed Blork the orc
  3868 | D:5      | Reached * piety under Wu Jian
  3883 | D:5      | Reached skill level 9 in Unarmed Combat
  3883 | D:5      | Reached XP level 8. HP: 31/59 MP: 7/11
  3974 | D:5      | Noticed Dowan
  3976 | D:5      | Noticed Duvessa
  4151 | D:5      | Killed Duvessa
  4401 | D:5      | Killed Dowan
  4540 | D:5      | Found a glowing golden altar of the Shining One.
  4613 | D:6      | Learned a level 4 spell: Ice Form
  5236 | D:5      | Reached skill level 10 in Unarmed Combat
  5275 | D:5      | Found a hazy altar of Hepliaklqana.
  5475 | D:6      | Found a shadowy altar of Dithmenos.
  5992 | D:6      | Found a blossoming altar of Fedhas.
  6657 | D:7      | Reached skill level 5 in Transmutations
  7092 | D:7      | Reached XP level 9. HP: 64/64 MP: 8/12
  7448 | D:7      | Noticed Maggie
  7454 | D:7      | Killed Maggie
  7455 | D:7      | Reached skill level 11 in Unarmed Combat
  8758 | D:5      | Found a white marble altar of Elyvilon.
  8761 | D:5      | Found an ancient bone altar of Kikubaaqudgha.
  8765 | D:5      | Found a bloodstained altar of Trog.
  8840 | D:5      | Noticed Eustachio
  8849 | D:5      | Killed Eustachio
  8942 | D:5      | Killed Prince Ribbit
  9116 | D:5      | Found a runed translucent door.
  9117 | D:5      | Noticed Crazy Yiuf
  9259 | D:5      | Killed Crazy Yiuf
  9538 | D:9      | Noticed a two-headed ogre
  9547 | D:8      | Reached XP level 10. HP: 27/71 MP: 10/13
  9742 | D:9      | Killed a two-headed ogre
  9917 | D:9      | Reached ** piety under Wu Jian
 10327 | D:9      | Found a broken altar of Ashenzari.
 10481 | D:9      | Found an opulent altar of Gozag.
 10481 | D:9      | Found a basalt altar of Yredelemnul.
 10493 | D:9      | Found a staircase to the Lair.
 10674 | D:10     | Entered Level 10 of the Dungeon
 10698 | D:10     | Found a staircase to the Orcish Mines.
 10755 | D:10     | Found a runed translucent gate.
 10755 | D:10     | Found a runed translucent gate.
 10759 | D:10     | Found a runed translucent gate.
 10761 | D:10     | Noticed caveywoolpert's ghost (novice DgEE)
 11263 | D:10     | Noticed Josephine
 11300 | D:10     | Killed Josephine
 11656 | D:10     | Reached XP level 11. HP: 62/77 MP: 14/14
 11693 | D:10     | Reached skill level 10 in Dodging
 12238 | D:11     | Reached *** piety under Wu Jian
 12239 | D:11     | Noticed a tengu warrior
 12651 | D:11     | Noticed Gastronok
 12700 | D:12     | Noticed a soul eater
 12748 | D:12     | Gained mutation: You are strong-willed. (Will+) [mutagenic
                  | glow]
 13173 | D:12     | Noticed a two-headed ogre
 13338 | D:11     | Noticed Maurice
 13436 | D:11     | Killed Maurice
 13437 | D:11     | Reached skill level 12 in Unarmed Combat
 13543 | D:11     | Noticed a boulder beetle
 13750 | D:11     | Noticed a white ugly thing
 14376 | D:11     | Reached skill level 5 in Fighting
 14492 | Orc:1    | Entered Level 1 of the Orcish Mines
 14504 | Orc:1    | Noticed an orc high priest
 14509 | Orc:1    | Noticed a sixfirhy
 14583 | Lair:1   | Entered Level 1 of the Lair of Beasts
 14648 | Lair:1   | Noticed a catoblepas
 14659 | Lair:1   | Killed a catoblepas
 14705 | Lair:1   | Found a shadowy altar of Dithmenos.
 14813 | Lair:1   | Reached XP level 12. HP: 101/101 MP: 6/15
 14894 | Lair:1   | Reached **** piety under Wu Jian
 15530 | Lair:2   | You fall into a shaft and drop 1 floor!
 15712 | Lair:3   | Reached skill level 13 in Unarmed Combat
 16145 | Lair:3   | Noticed Sonja
 16148 | Lair:3   | Killed Sonja
 16916 | Lair:4   | Identified the +6 mace of Victory {holy, Will- rCorr Dex+4}
 17038 | Lair:4   | Reached skill level 14 in Unarmed Combat
 17086 | Lair:4   | Noticed Urug
 17090 | Lair:4   | Killed Urug
 17713 | Lair:5   | Entered Level 5 of the Lair of Beasts
 17813 | Lair:5   | Identified the +0 war axe of Patterns {holy, Will+}
 18046 | Lair:5   | Reached skill level 15 in Unarmed Combat
 18481 | Lair:5   | Reached XP level 13. HP: 107/107 MP: 12/16
 18501 | Lair:5   | Found a staircase to the Slime Pits.
 18639 | Lair:5   | Found a runed translucent door.
 18640 | Lair:5   | Noticed a fire dragon
 18685 | Lair:5   | Reached skill level 16 in Unarmed Combat
 18692 | Lair:5   | Reached ***** piety under Wu Jian
 19341 | Slime:1  | Entered Level 1 of the Pits of Slime
 19341 | Slime:1  | Noticed an acid blob
 19534 | Lair:2   | Learned a level 4 spell: Airstrike
 19861 | Lair:2   | Found a hole to the Spider Nest.
 19876 | Lair:2   | Reached skill level 1 in Air Magic
 20216 | Lair:2   | Found a staircase to the Swamp.
 20717 | Swamp:1  | Entered Level 1 of the Swamp
 20731 | Swamp:1  | Reached skill level 17 in Unarmed Combat
 21031 | Swamp:1  | Noticed an eleionoma
 21200 | Swamp:1  | Reached skill level 18 in Unarmed Combat
 21247 | Swamp:1  | Killed an eleionoma
 21845 | Spider:1 | Entered Level 1 of the Spider Nest
 21855 | Lair:2   | Gained mutation: Your large and strong wings let you fly.
                  | [Black Draconian growth]
 21855 | Lair:2   | Reached XP level 14. HP: 59/115 MP: 9/17
 21947 | Lair:2   | Mangled by a culicivora

Illustrated notes

Levels and vault maps discovered:
D:1:      roderic_crop_circles_arrival_small, layout_loops_corners
D:2:      layout_rooms, basic_altar, shapermc_ecumenical_altar_starsandcircs
D:3:      layout_basic, uniq_grinder
D:4:      layout_basic, minmay_temple_entry_antechambers
D:5:      layout_loops_ring, grunt_temple_overflow_diamond,
          mainiacjoe_overflow_surrounded_room, tso_oasis_becter, uniq_duvessa,
          uniq_blork_the_orc, uniq_eustachio, uniq_prince_ribbit1,
          uniq_crazy_yiuf_cottage
D:6:      layout_gridville, kennysheep_mini, lemuel_doored_altar
D:7:      layout_basic, uniq_maggie
D:8:      layout_loops_ring, chequers_mini_garden
D:9:      layout_cave_pools, mainiacjoe_overflow_brackets,
          gammafunk_temple_overflow_statue, lair_entry_dummy,
          amcnicky_mini_corridor_feature, minmay_misc_feat_more_columns,
          hangedman_fish_farm
D:10:     layout_loops_cross, orc_0_dummy, gammafunk_ghost_spectres,
          billiards_dpeg, uniq_josephine
D:11:     layout_long_grid, minivault_1, elyvilon_altar_1, uniq_maurice,
          uniq_gastronok, uniq_snorg, uniq_erica
D:12:     layout_roguey, drop_trap, minivault_21
Temple:   pdpol_scorched_temple
Lair:1:   layout_loops_ring, gauntlet_entry_generic, basic_altar,
          serial_bayou_shore_b, lemuel_fruit_tree
Lair:2:   layout_layer_cave, swamp_mist, spider_nest_entry_funnel_web
Lair:3:   layout_loops_ring, infiniplex_staircase_pool_2, uniq_sonja
Lair:4:   layout_hall_layers, uniq_urug
Lair:5:   wormcave, layout_concentric_octagons, nicolae_slime_entry_field_trip
Swamp:1:  layout_falls_marsh, evilmike_swamp_ruin_wall
Spider:1: nicolae_spider_jumping_over_cracks
          [nicolae_spider_jumping_sub_no_exit,
          nicolae_spider_jumping_sub_shuffled,
          nicolae_spider_jumping_sub_offset, nicolae_spider_jumping_sub_pools],
          portal_ice_cave_entry_frozen_things
Slime:1:  layout_caves
Orc:1:    layout_caves

Skill      XL: |  1  2  3  4  5  6  7  8  9 10 11 12 13 |
---------------+----------------------------------------+-----
Unarmed Combat | 4 5 6 8 9 10 11 12 15 18 | 18.4
Transmutations | 4 5 8 |  8.4
Dodging        | 2 4 9 11 | 11.0
Fighting       | 8 |  8.0
Air Magic      | 4 |  4.1
Spellcasting   | |  2.0
Ice Magic      | |  0.3
Poison Magic   | |  0.3

Action                   |  1- 3 |  4- 6 |  7- 9 | 10-12 | 13-15 || total
-------------------------+-------+-------+-------+-------+-------++-------
Melee: Unarmed           |   131 |   108 |   250 |   709 |   265 ||  1463
       Tailslap          |    13 |     5 |    12 |    21 |     1 ||    52
       Punch             |     1 |       |     3 |    10 |       ||    14
       Kick              |     4 |     3 |    12 |     9 |       ||    28
       Headbutt          |     2 |       |     9 |     8 |       ||    19
 Cast: Beastly Appendage |     6 |     4 |     5 |     4 |       ||    19
       Spider Form       |       |     7 |    22 |    15 |       ||    44
       Wereblood         |       |     4 |     7 |     8 |       ||    19
       Ice Form          |       |       |     5 |    44 |    25 ||    74
       Airstrike         |       |       |       |       |     3 ||     3
Invok: Lunge             |       |     5 |    16 |    40 |    14 ||    75
       Whirlwind         |       |       |    23 |   141 |    58 ||   222
       Serpent's Lash    |       |       |       |     4 |     5 ||     9
 Abil: Breathe Lightning |       |       |     4 |       |       ||     4
       Wall Jump         |       |       |       |    18 |    17 ||    35
Evoke: Wand              |       |       |       |     3 |       ||     3
  Use: Potion            |       |       |     2 |     2 |     5 ||     9
       Scroll            |       |       |    10 |    17 |     4 ||    31
 Stab: Sleeping          |     1 |     2 |     1 |     2 |     1 ||     7
       Distracted        |       |       |     1 |       |       ||     1
       Invisible         |       |       |       |     2 |       ||     2
Armor: Skin              |    40 |    10 |    53 |   102 |    48 ||   253
Dodge: Dodged            |    87 |    81 |   175 |   499 |   140 ||   982

Table legend: (Time is in decaauts)
 A = Elapsed time spent in this place.
 B = Non-inter-level travel time spent in this place.
 C = Inter-level travel time spent in this place.
 D = Time resting spent in this place.
 E = Time spent auto-exploring this place.
 F = Levels seen in this place.
 G = Mean time per level.
                   A        B        C        D        E       F      G
               +--------+--------+--------+--------+--------+-----+--------+
         Total |  21916 |  20384 |   1532 |   3593 |  12539 |  22 |  996.2 |
       Dungeon |  14465 |  13409 |   1056 |   3019 |   7486 |  12 | 1205.4 |
        Temple |     55 |     22 |     33 |      0 |     13 |   1 |   55.0 |
          Lair |   6248 |   5860 |    388 |    427 |   4447 |   5 | 1249.6 |
         Swamp |   1120 |   1066 |     54 |    147 |    583 |   1 | 1120.0 |
   Spider Nest |      7 |      7 |      0 |      0 |      0 |   1 |    7.0 |
    Slime Pits |      1 |      1 |      0 |      0 |      0 |   1 |    1.0 |
  Orcish Mines |     16 |     16 |      0 |      0 |      9 |   1 |   16.0 |
               +--------+--------+--------+--------+--------+-----+--------+

Top non-repeatable levels by time:
     D:6: 1801 daAuts
     D:4: 1629 daAuts
    D:10: 1552 daAuts
  Lair:5: 1548 daAuts
  Lair:2: 1474 daAuts
     D:8: 1402 daAuts
  Lair:3: 1338 daAuts
     D:7: 1295 daAuts
    D:11: 1229 daAuts
     D:5: 1177 daAuts
 Swamp:1: 1120 daAuts
    D:12: 1045 daAuts
     D:3: 963 daAuts
     D:1: 961 daAuts
  Lair:4: 956 daAuts
